 Dungeon Crawl Stone Soup version 0.29.1-12-g30fa7ad0bf (webtiles) character file.

Game seed: 15613828015178414930

88 ChadusMaximus the Trooper (level 4, -19/41 HPs)
             Began as a Minotaur Fighter on Dec 14, 2022.
             Demolished by an ogre
             ... wielding a +0 giant club
              (27 damage)
             ... on level 4 of the Dungeon.
             The game lasted 00:01:40 (1629 turns).

ChadusMaximus the Trooper (Minotaur Fighter)        Turns: 1629, Time: 00:01:40

Health: -19/41     AC:  8    Str: 23    XL:     4   Next: 30%
Magic:  3/3        EV:  9    Int:  5    God:
Gold:   63         SH:  4    Dex:  9    Spells: 3/3 levels left

rFire   . . .      SeeInvis .   a - +0 war axe
rCold   . . .      Faith    .   c - +0 buckler
rNeg    . . .      Spirit   .   b - +0 scale mail
rPois   .          Reflect  .   (helmet restricted)
rElec   .          Harm     .   (no cloak)
rCorr   .          Rampage  .   (no gloves)
Will    .....                   f - +0 pair of boots
Stlth   ..........              (no amulet)
HPRegen 0.13/turn               (no ring)
MPRegen 0.08/turn               (no ring)

@: no status effects
A: horns 2, retaliatory headbutt
a: no special abilities


You were on level 4 of the Dungeon.
You visited 1 branch of the dungeon, and saw 3 of its levels.

You collected 63 gold pieces.

Inventory:

Hand Weapons
 a - a +0 war axe (weapon)
Missiles
 i - 2 boomerangs (quivered)
Armour
 b - a +0 scale mail (worn)
 c - a +0 buckler (worn)
 f - a +0 pair of boots (worn)
Jewellery
 k - a +4 ring of evasion
Scrolls
 g - a scroll of identify {unknown}
 h - a scroll of enchant armour {unknown}
 j - a scroll of torment {unknown}
 l - a scroll of enchant weapon {unknown}
Potions
 d - a potion of might
 e - a potion of curing {unknown}
 m - a potion of mutation {unknown}


   Skills:
 + Level 4.4 Fighting
 + Level 3.5 Axes
 + Level 4.4 Armour
 + Level 4.4 Shields


You had 3 spell levels left.
You didn't know any spells.
Your spell library contained the following spells:

 Spells                   Type           Power      Damage    Failure   Level
 Apportation              Tloc           0%         N/A       86%         1
 Alistair's Intoxication  Tmut/Pois      0%         N/A       100%        5


Dungeon Overview and Level Annotations

Branches:
Dungeon (4/15)             Temple (0/1) D:4

Altars:
Yredelemnul


Innate Abilities, Weirdness & Mutations

You have a pair of horns on your head.
You reflexively headbutt those who attack you in melee.


Message History

You slash the worm!
You kill the worm!
Found a peridot ring.
k - a +4 ring of evasion You now have 63 gold pieces (gained 7).
There is a stone staircase leading down here.
You hear the slow hiss of a very distant avalanche of sand.
Found a scroll labelled PINOIM BAPUI.
Found a ring mail.
l - a scroll labelled PINOIM BAPUI
Found a murky dark potion.
Found a stone staircase leading down.
m - a murky dark potion A kobold comes into view.
It is wielding a +0 short sword.
The kobold hits you with a +0 short sword.
You are too injured to fight recklessly!
You are too injured to fight recklessly!
You are too injured to fight recklessly!
You are too injured to fight recklessly!
You are too injured to fight recklessly!
You barely miss the kobold. The kobold closely misses you.
You hit the kobold.
You kill the kobold!
You see here a +0 short sword.
There is a stone staircase leading down here.
Found a club.
An ogre comes into view. It is wielding a +0 giant club.
The ogre moves out of view.
Found a scroll labelled ZELIRGH APHUNGA.
Found a staircase to the Ecumenical Temple.
You hear the hiss of a distant avalanche of sand.
You slash the ogre! You headbutt the ogre!
The ogre is almost dead.
The ogre hits you with a +0 giant club!
* * * LOW HITPOINT WARNING * * *
You completely miss the ogre.
The ogre is almost dead.
The ogre hits you with a +0 giant club!!
Ouch! That really hurt!
You die...

#.# #.# #.#
#.#
#.#######
#.......#
#.#####...
#.........
#+@#.#.#.#
#...)O......
#....#......
#.^.........
#?...# ..>..
...... .....
.##.#.# ....
.. #.#..
....


You could see an ogre.

Vanquished Creatures
  An iguana (D:4)
  An adder (D:4)
  A worm (D:4)
  2 dart slugs
  5 ball pythons
  7 bats
  3 endoplasms
  A giant cockroach (D:2)
  3 goblins
  3 hobgoblins (D:1)
  4 jackals (D:2)
  2 quokkas (D:2)
  2 frilled lizards
  4 kobolds
  11 rats
50 creatures vanquished.

Notes
Turn   | Place    | Note
-------+----------+-------------------------------------------
     0 | D:1      | ChadusMaximus the Minotaur Fighter began the quest for the
                  | Orb.
     0 | D:1      | Reached XP level 1. HP: 19/19 MP: 0/0
   126 | D:1      | Reached XP level 2. HP: 27/27 MP: 1/1
  1002 | D:2      | Reached XP level 3. HP: 33/33 MP: 2/2
  1458 | D:2      | Found a faded altar of an unknown god.
  1481 | D:2      | You fall into a shaft and drop 2 floors!
  1513 | D:4      | Found a basalt altar of Yredelemnul.
  1525 | D:4      | Reached XP level 4. HP: 13/41 MP: 3/3
  1625 | D:4      | Noticed an ogre
  1627 | D:4      | Found a staircase to the Ecumenical Temple.
  1629 | D:4      | Demolished by an ogre

Illustrated notes

Levels and vault maps discovered:
D:1:      onia_arrival_handbag, layout_loops_corners
D:2:      layout_loops_corners, hellmonk_ecumenical_altar_pennies_from_heaven
D:4:      layout_basic, yredelemnul_altar_generic,
          mainiacjoe_overflow_surrounded_room, minmay_temple_entry_glass,
          lightli_ossuary_entry_decrepit_ruins, ebering_ghost_disaster_area

Skill      XL: |  1  2 |
---------------+-------+-----
Armour         | 4 |  4.4
Shields        | 4 |  4.4
Fighting       | 4 |  4.4
Axes           | 3 |  3.5

Action                   |  1- 3 |  4- 6 || total
-------------------------+-------+-------++-------
Melee: War axe           |   105 |     7 ||   112
       Headbutt          |    14 |     1 ||    15
Armor: Scale mail        |    59 |       ||    59
Dodge: Dodged            |    62 |     2 ||    64
Block: Buckler           |    25 |       ||    25
